 Dungeon Crawl Stone Soup version 0.28-a0-1184-g53156a8862 (webtiles) character file.

Game seed: 17097951233595530090

77 lonewolfV2 the Conjurer (level 4, 0/33 HPs)
             Began as a Draconian Conjurer on Dec 17, 2021.
             Slain by a goblin (4 damage)
             ... led by Robin
             ... on level 2 of the Dungeon.
             The game lasted 00:07:20 (1848 turns).

lonewolfV2 the Conjurer (Draconian Conjurer)        Turns: 1848, Time: 00:07:21

Health: 0/33       AC: 12    Str:  8 (10) XL:     4   Next: 13%
Magic:  5/7        EV: 11    Int: 17 (20) God:
Gold:   40         SH:  0    Dex:  7 (9)  Spells: 4/7 levels left

rFire   . . .      SeeInvis .   a - +1 dagger (protect)
rCold   . . .      Faith    .   (no shield)
rNeg    . . .      Spirit   .   (armour unavailable)
rPois   .          Reflect  .   (helmet restricted)
rElec   .          Harm     .   (no cloak)
rCorr   .          Rampage  .   (no gloves)
Will    .....                   (no boots)
Stlth   ++........              (no amulet)
HPRegen 0.11/turn               (no ring)
MPRegen 0.10/turn               (no ring)

@: lethally poisoned (0 -> -7), under a protective aura, flying
A: AC +5, unfitting armour, cold-blooded
a: no special abilities


You were on level 2 of the Dungeon.
You visited 1 branch of the dungeon, and saw 3 of its levels.

You collected 40 gold pieces.

Inventory:

Hand Weapons
 a - a +1 dagger of protection (weapon)
Scrolls
 d - 2 scrolls of immolation


   Skills:
 + Level 2.0 Dodging
 + Level 2.0 Stealth
 + Level 0.1 Unarmed Combat
 + Level 2.3 Spellcasting
 + Level 5.2 Conjurations


You had 4 spell levels left.
You knew the following spells:

 Your Spells              Type           Power      Damage    Failure   Level
a - Magic Dart            Conj           76%        1d6       2%          1
b - Searing Ray           Conj           38%        2d5       3%          2

Your spell library contained the following spells:

 Spells                   Type           Power      Damage    Failure   Level
 Dazzling Flash           Conj/Hex       20%        N/A       19%         3
 Ensorcelled Hibernation  Hex/Ice        4%         N/A       28%         2
 Passwall                 Tmut/Erth      1%         N/A       28%         2
 Spider Form              Tmut/Pois      2%         N/A       50%         3
 Swiftness                Air            2%         N/A       50%         3
 Fulminant Prism          Conj/Hex       5%         3d7       54%         4
 Iskenderun's Mystic Bla  Conj/Tloc      10%        2d4       54%         4


Dungeon Overview and Level Annotations

Branches:
Dungeon (3/15)

Altars:

Annotations:
D:2 Robin


Innate Abilities, Weirdness & Mutations

Your plain brown scales are hard. (AC +5)
You cannot fit into any form of body armour.
You are cold-blooded and may be slowed by cold attacks.


Message History

There is a stone staircase leading down here.
You are confused.
You feel invigorated.
You feel sick. The goblin hits you with a +0 club.
Robin roars a battlecry!
The goblins go into a battle-frenzy!
The goblin closely misses you.
The hobgoblin hits you but does no damage.
You're too confused to cast spells.
You're too confused to cast spells.
Sorry, you're not good enough to have a special ability.
Unknown command.
You bump into the rock wall.
You feel sick. The goblin closely misses you.
The goblin hits you with a +0 club. The hobgoblin closely misses you.
You barely miss the goblin.
You feel sick.
The goblin hits you with a +1 dagger of venom.
The goblin hits you but does no damage. The hobgoblin completely misses you.
You barely miss the goblin.
You feel less invigorated.
You feel less confused.
You feel sick. The goblin hits you with a +0 club.
* * * LOW HITPOINT WARNING * * *
The goblin barely misses you. The hobgoblin closely misses you.
You hit the goblin but do no damage.
Your weapon exudes an aura of protection.
You feel sick. The goblin closely misses you.
The goblin hits you with a +1 dagger of venom.
* * * LOW HITPOINT WARNING * * *
You are lethally poisoned!
The hobgoblin closely misses you.
Casting: Magic Dart (safe; 2% risk of failure)
Confirm with . or Enter, or press ? or * to list all spells.
Aiming: Searing Ray (safe; 3% risk of failure)
Press: ? - help, Shift-Dir - straight line, f - goblin
Aim: a goblin, wielding a +0 club and quivering stones (strong, 72% to hit)
The searing ray hits the goblin!
You kill the goblin! (Press . to maintain the ray.)
* * * LOW HITPOINT WARNING * * *
You feel sick.
The goblin hits you with a +1 dagger of venom.
You die...

######## #......# #......#
#......#
#######......####################
#..............)@ggg...(.....)...
#.#####......####gg..)..######...
.>...............g.†.............
#################.......######...
#....)..# ##.# #.......# #..
#.......# ##. ######### . .


You could see Robin, a hobgoblin (strong) and 4 goblins.

Vanquished Creatures
  A gnoll (D:3)
  An adder (D:2)
  2 dart slugs (D:1)
  A ball python (D:1)
  4 endoplasms
  2 giant cockroaches
  10 goblins
  6 hobgoblins
  4 jackals
  4 kobolds
  A quokka (D:1)
  7 bats
  6 rats
49 creatures vanquished.

Notes
Turn   | Place    | Note
-------+----------+-------------------------------------------
     0 | D:1      | lonewolfV2 the Draconian Conjurer began the quest for the
                  | Orb.
     0 | D:1      | Reached XP level 1. HP: 14/14 MP: 3/3
   577 | D:1      | Reached XP level 2. HP: 20/20 MP: 3/5
   599 | D:1      | Learned a level 2 spell: Searing Ray
  1026 | D:1      | Reached XP level 3. HP: 26/26 MP: 4/6
  1667 | D:2      | Reached skill level 5 in Conjurations
  1756 | D:2      | Noticed Robin
  1839 | D:3      | Reached XP level 4. HP: 17/33 MP: 0/7
  1848 | D:2      | Slain by a goblin

Illustrated notes

Levels and vault maps discovered:
D:1:      wander_arrival_chamber, layout_basic
D:2:      layout_basic, minmay_indecisive_spiral, uniq_sigmund, uniq_robin
D:3:      layout_basic

Skill      XL: |  1  2  3 |
---------------+----------+-----
Conjurations   | 5 |  5.2
Dodging        | 2 |  2.0
Stealth        | 2 |  2.0
Unarmed Combat | |  0.1
Spellcasting   | |  2.3

Action                   |  1- 3 |  4- 6 || total
-------------------------+-------+-------++-------
Melee: Unarmed           |    22 |       ||    22
       Dagger            |    23 |     3 ||    26
       Tailslap          |     1 |       ||     1
 Cast: Magic Dart        |    75 |       ||    75
       Searing Ray       |     5 |     1 ||     6
  Use: Potion            |     3 |     1 ||     4
       Scroll            |     1 |       ||     1
Armor: Skin              |    22 |     6 ||    28
Dodge: Dodged            |    42 |    11 ||    53

Table legend: (Time is in decaauts)
 A = Elapsed time spent in this place.
 B = Non-inter-level travel time spent in this place.
 C = Inter-level travel time spent in this place.
 D = Time resting spent in this place.
 E = Time spent auto-exploring this place.
 F = Levels seen in this place.
 G = Mean time per level.
                   A        B        C        D        E       F      G
               +--------+--------+--------+--------+--------+-----+--------+
         Total |   1847 |   1815 |     32 |    398 |   1122 |   3 |  615.7 |
       Dungeon |   1847 |   1815 |     32 |    398 |   1122 |   3 |  615.7 |
               +--------+--------+--------+--------+--------+-----+--------+

Top non-repeatable levels by time:
     D:1: 1541 daAuts
     D:2: 264 daAuts
     D:3: 41 daAuts
